PA
VALLEY BLUE SOX @ PHOENIX HOTSPUR U-21
09/05/2033
 
TOP OF THE 1ST
Valley Blue Sox batting - Pitching for Phoenix Hotspur U-21 : RHP Benjie Cacdac
Pitching: RHP Benjie Cacdac
Batting: RHB Grady Harris 0-0: Ball
1-0: Bunt for hit - play at first, batter safe!
Batting: RHB Spartak Gonjarov 0-0: Ball
1-0: Ball
2-0: Foul Ball, location: 2F
2-1: Fly out, F7 (Flyball, 7D)
Batting: RHB Rob Brooks 0-0: Called Strike
0-1: Ball
Throwing error on steal attempt, E2
Grady Harris to third
1-1: Ball
2-1: Ground out 4-3 (Groundball, 4)
Grady Harris scores
Batting: RHB Juan Laguna 0-0: Called Strike
0-1: Ball
1-1: Foul Ball, location: 2F
1-2: Ball
2-2: Foul Ball, location: 2F
2-2: Ball
3-2: Fly out, F5 (Line Drive, 5L)
Top of the 1st over - 1 run, 1 hit, 1 error, 0 left on base; Valley 1 - Phoenix 0
BOTTOM OF THE 1ST
Phoenix Hotspur U-21 batting - Pitching for Valley Blue Sox : RHP Jessie Young
Pitching: RHP Jessie Young
Batting: RHB Alberto Ramírez 0-0: Called Strike
0-1: Foul Ball, location: 2F
0-2: Ball
1-2: Strikes out swinging
Batting: RHB Lee Cooper 0-0: Called Strike
0-1: Ball
1-1: Ball
2-1: Called Strike
2-2: Strikes out swinging
Batting: LHB Dinand Rehling 0-0: Ball
1-0: Ball
2-0: DOUBLE (Line Drive, 89M)
Batting: RHB Jonas van Claveren 0-0: Ball
1-0: Called Strike
1-1: Ball
2-1: Ball
3-1: Base on Balls
Batting: RHB Denny Pickett 0-0: Called Strike
0-1: Ball
1-1: Swinging Strike
1-2: Foul Ball, location: 2F
1-2: Ground out 6-3 (Groundball, 56)
Bottom of the 1st over - 0 runs, 1 hit, 0 errors, 2 left on base; Valley 1 - Phoenix 0
TOP OF THE 2ND
Valley Blue Sox batting - Pitching for Phoenix Hotspur U-21 : RHP Benjie Cacdac
Batting: RHB Tomás Cameros 0-0: Called Strike
0-1: Ball
1-1: Ball
2-1: Foul Ball, location: 2F
2-2: Foul Ball, location: 2F
2-2: DOUBLE (Line Drive, 78XD)
Batting: RHB Bartolo Hernández 0-0: Foul Ball, location: 2F
0-1: Foul Ball, location: 2F
0-2: Ball
1-2: Foul Ball, location: 2F
1-2: Ground out 6-3 (Groundball, 6)
Batting: RHB Melvin Daniels 0-0: Called Strike
0-1: Ball
1-1: Ball
2-1: Fly out, F7 (Flyball, 7)
Batting: RHB Dallas Jiménez 0-0: Fly out, F2 (Popup, 25F)
Top of the 2nd over - 0 runs, 1 hit, 0 errors, 1 left on base; Valley 1 - Phoenix 0
BOTTOM OF THE 2ND
Phoenix Hotspur U-21 batting - Pitching for Valley Blue Sox : RHP Jessie Young
Batting: RHB Jeff Oglethorpe 0-0: Ball
1-0: Foul Ball, location: 2F
1-1: Ball
2-1: Foul Ball, location: 2F
2-2: Ball
3-2: Fly out, F8 (Flyball, 8RS)
Batting: RHB Brad Lamb 0-0: Ball
1-0: Called Strike
1-1: Ground out 4-3 (Groundball, 4)
Batting: RHB Tyler Hannah 0-0: Fly out, F6 (Line Drive, 6)
Bottom of the 2nd over - 0 runs, 0 hits, 0 errors, 0 left on base; Valley 1 - Phoenix 0
TOP OF THE 3RD
Valley Blue Sox batting - Pitching for Phoenix Hotspur U-21 : RHP Benjie Cacdac
Batting: SHB Donnie Magee 0-0: Foul Ball, location: 2F
0-1: Foul Ball, location: 2F
0-2: Ball
1-2: Ground out 4-3 (Groundball, 4M)
Batting: RHB Grady Harris 0-0: Swinging Strike
0-1: Swinging Strike
0-2: Foul Ball, location: 2F
0-2: Strikes out looking
Batting: RHB Spartak Gonjarov 0-0: Ball
1-0: Called Strike
1-1: Ball
2-1: Foul Ball, location: 2F
2-2: DOUBLE (Line Drive, 89D)
Batting: RHB Rob Brooks 0-0: Ball
1-0: Called Strike
1-1: Foul Ball, location: 2F
1-2: Strikes out swinging
Top of the 3rd over - 0 runs, 1 hit, 0 errors, 1 left on base; Valley 1 - Phoenix 0
BOTTOM OF THE 3RD
Phoenix Hotspur U-21 batting - Pitching for Valley Blue Sox : RHP Jessie Young
Batting: RHB Juan Vigil 0-0: Fly out, F9 (Line Drive, 9)
Batting: RHB Alberto Ramírez 0-0: Ball
1-0: Foul Ball, location: 2F
1-1: Called Strike
1-2: Foul Ball, location: 2F
1-2: Strikes out swinging
Batting: RHB Lee Cooper 0-0: Ball
1-0: Ball
2-0: Ground out 4-3 (Groundball, 34)
Bottom of the 3rd over - 0 runs, 0 hits, 0 errors, 0 left on base; Valley 1 - Phoenix 0
TOP OF THE 4TH
Valley Blue Sox batting - Pitching for Phoenix Hotspur U-21 : RHP Benjie Cacdac
Batting: RHB Juan Laguna 0-0: Foul Ball, location: 2F
0-1: Ground out 4-3 (Groundball, 34)
Batting: RHB Tomás Cameros 0-0: SINGLE (Groundball, 56D)
Batting: RHB Bartolo Hernández 0-0: Ball
1-0: Foul Ball, location: 2F
1-1: Ball
2-1: Ball
3-1: Fly out, F8 (Flyball, 8RD)
Batting: RHB Melvin Daniels 0-0: Fly out, F8 (Flyball, 8RD)
Top of the 4th over - 0 runs, 1 hit, 0 errors, 1 left on base; Valley 1 - Phoenix 0
BOTTOM OF THE 4TH
Phoenix Hotspur U-21 batting - Pitching for Valley Blue Sox : RHP Jessie Young
Batting: LHB Dinand Rehling 0-0: Foul Ball, location: 2F
0-1: Ground out 4-3 (Groundball, 4)
Batting: RHB Jonas van Claveren 0-0: Ball
1-0: Foul Ball, location: 2F
1-1: Foul Ball, location: 2F
1-2: Fly out, F8 (Flyball, 78XD)
Batting: RHB Denny Pickett 0-0: Called Strike
0-1: Ball
1-1: Ball
2-1: Fly out, F4 (Popup, 34S)
Bottom of the 4th over - 0 runs, 0 hits, 0 errors, 0 left on base; Valley 1 - Phoenix 0
TOP OF THE 5TH
Valley Blue Sox batting - Pitching for Phoenix Hotspur U-21 : RHP Benjie Cacdac
Batting: RHB Dallas Jiménez 0-0: Ball
1-0: Called Strike
1-1: Ball
2-1: Foul Ball, location: 2F
2-2: Ball
3-2: Strikes out looking
Batting: SHB Donnie Magee 0-0: Ball
1-0: Called Strike
1-1: Ball
2-1: SINGLE (Groundball, 4MD)
Batting: RHB Grady Harris 0-0: Ball
1-0: Ball
2-0: Called Strike
2-1: Ball
3-1: Base on Balls
Donnie Magee to second
Batting: RHB Spartak Gonjarov 0-0: Called Strike
0-1: Fly out, F9 (Flyball, 9D)
Runner from 2nd tags up, SAFE at 3rd with throw
Batting: RHB Rob Brooks 0-0: Called Strike
0-1: Called Strike
0-2: 3-RUN HOME RUN (Flyball, 7D), Distance : 416 ft
Batting: RHB Juan Laguna 0-0: Called Strike
0-1: Foul Ball, location: 2F
0-2: Strikes out looking
Top of the 5th over - 3 runs, 2 hits, 0 errors, 0 left on base; Valley 4 - Phoenix 0
BOTTOM OF THE 5TH
Phoenix Hotspur U-21 batting - Pitching for Valley Blue Sox : RHP Jessie Young
Batting: RHB Jeff Oglethorpe 0-0: Swinging Strike
0-1: Foul Ball, location: 2F
0-2: Ball
1-2: Strikes out swinging
Batting: RHB Brad Lamb 0-0: Ball
1-0: Called Strike
1-1: Swinging Strike
1-2: Fly out, F8 (Flyball, 8RD)
Batting: RHB Tyler Hannah 0-0: Called Strike
0-1: Ball
1-1: Ball
2-1: Foul Ball, location: 2F
2-2: Strikes out swinging
Bottom of the 5th over - 0 runs, 0 hits, 0 errors, 0 left on base; Valley 4 - Phoenix 0
TOP OF THE 6TH
Valley Blue Sox batting - Pitching for Phoenix Hotspur U-21 : RHP Benjie Cacdac
Batting: RHB Tomás Cameros 0-0: Swinging Strike
0-1: Ball
1-1: Ball
2-1: Ball
3-1: SINGLE (Line Drive, 4MD)
Pitching: LHP Chris Stewart
Batting: RHB Bartolo Hernández 0-0: Swinging Strike
0-1: Swinging Strike
0-2: Strikes out swinging
Batting: RHB Melvin Daniels 0-0: Grounds into double play, 6-4-3 (Groundball, 6M)
Top of the 6th over - 0 runs, 1 hit, 0 errors, 0 left on base; Valley 4 - Phoenix 0
BOTTOM OF THE 6TH
Phoenix Hotspur U-21 batting - Pitching for Valley Blue Sox : RHP Jessie Young
Batting: RHB Juan Vigil 0-0: Ball
1-0: Ground out 6-3 (Groundball, 56)
Batting: RHB Alberto Ramírez 0-0: Ground out 4-3 (Groundball, 4)
Batting: RHB Lee Cooper 0-0: Foul Ball, location: 2F
0-1: Ball
1-1: Ball
2-1: Called Strike
2-2: Ball
3-2: Base on Balls
Batting: LHB Dinand Rehling 0-0: Ball
1-0: Foul Ball, location: 2F
1-1: DOUBLE (Line Drive, 7LD)
Lee Cooper to third
Runner from 3rd tries for Home, SAFE, no throw
Batting: RHB Jonas van Claveren 0-0: Ball
1-0: Ball
2-0: Foul Ball, location: 2F
2-1: Ball
3-1: Base on Balls
Batting: RHB Denny Pickett 0-0: Ball
1-0: Ball
2-0: Ball
3-0: Called Strike
3-1: SINGLE (Line Drive, 4)
Dinand Rehling to third
Jonas van Claveren to second
Runner from 3rd tries for Home, SAFE, no throw
Batting: RHB Jeff Oglethorpe 0-0: Called Strike
0-1: Ball
1-1: Called Strike
1-2: Fly out, F8 (Flyball, 8RM)
Bottom of the 6th over - 2 runs, 2 hits, 0 errors, 2 left on base; Valley 4 - Phoenix 2
TOP OF THE 7TH
Valley Blue Sox batting - Pitching for Phoenix Hotspur U-21 : LHP Chris Stewart
Batting: RHB Dallas Jiménez 0-0: Called Strike
0-1: Swinging Strike
0-2: Ball
1-2: Strikes out swinging
Batting: SHB Donnie Magee 0-0: Ball
1-0: Called Strike
1-1: Foul Ball, location: 2F
1-2: Foul Ball, location: 2F
1-2: Ball
2-2: Strikes out swinging
Batting: RHB Grady Harris 0-0: Called Strike
0-1: Reached on error, E6 (Groundball, 6)
Batting: RHB Spartak Gonjarov 0-0: Called Strike
0-1: Foul Ball, location: 2F
0-2: Fly out, F7 (Line Drive, 7S)
Top of the 7th over - 0 runs, 0 hits, 1 error, 1 left on base; Valley 4 - Phoenix 2
BOTTOM OF THE 7TH
Phoenix Hotspur U-21 batting - Pitching for Valley Blue Sox : RHP Jessie Young
Batting: RHB Brad Lamb 0-0: Called Strike
0-1: Foul Ball, location: 2F
0-2: Strikes out looking
Batting: RHB Tyler Hannah 0-0: Ball
1-0: Ball
2-0: Fly out, F3 (Popup, 3SF)
Batting: RHB Juan Vigil 0-0: Ball
1-0: Ball
2-0: Ball
3-0: Foul Ball, location: 2F
3-1: Base on Balls
Batting: RHB Alberto Ramírez 0-0: Ball
1-0: Called Strike
1-1: Called Strike
1-2: Ball
2-2: Fly out, F8 (Flyball, 89D)
Bottom of the 7th over - 0 runs, 0 hits, 0 errors, 1 left on base; Valley 4 - Phoenix 2
TOP OF THE 8TH
Valley Blue Sox batting - Pitching for Phoenix Hotspur U-21 : LHP Chris Stewart
Batting: RHB Rob Brooks 0-0: Ball
1-0: Foul Ball, location: 2F
1-1: Ball
2-1: Foul Ball, location: 2F
2-2: Ball
3-2: Fly out, F8 (Line Drive, 8RM)
Batting: RHB Juan Laguna 0-0: Ball
1-0: Ball
2-0: Called Strike
2-1: Called Strike
2-2: SOLO HOME RUN (Flyball, 9D), Distance : 381 ft
Batting: RHB Tomás Cameros 0-0: Called Strike
0-1: Called Strike
0-2: Strikes out swinging
Batting: RHB Bartolo Hernández 0-0: Ball
1-0: Called Strike
1-1: Foul Ball, location: 2F
1-2: Foul Ball, location: 2F
1-2: Fly out, F2 (Popup, 25F)
Top of the 8th over - 1 run, 1 hit, 0 errors, 0 left on base; Valley 5 - Phoenix 2
BOTTOM OF THE 8TH
Phoenix Hotspur U-21 batting - Pitching for Valley Blue Sox : RHP Jessie Young
Batting: RHB Lee Cooper 0-0: Swinging Strike
0-1: Fly out, F8 (Flyball, 8RM)
Pitching: RHP Curt Wright
Batting: LHB Dinand Rehling 0-0: Called Strike
0-1: Swinging Strike
0-2: Ground out U3 (Groundball, 3)
Batting: RHB Jonas van Claveren 0-0: Ball
1-0: Ball
2-0: Ball
3-0: Base on Balls
Batting: RHB Denny Pickett 0-0: Fly out, F2 (Popup, 25F)
Bottom of the 8th over - 0 runs, 0 hits, 0 errors, 1 left on base; Valley 5 - Phoenix 2
TOP OF THE 9TH
Valley Blue Sox batting - Pitching for Phoenix Hotspur U-21 : LHP Chris Stewart
Batting: RHB Melvin Daniels 0-0: Ball
1-0: Ball
2-0: Called Strike
2-1: SINGLE (Flyball, 9LS)
Batting: RHB Dallas Jiménez 0-0: Bunted foul
0-1: Sac Bunt - play at first, batter OUT! 1-4
Melvin Daniels to second
Batting: SHB Donnie Magee 0-0: Ball
1-0: Ball
2-0: Called Strike
2-1: Swinging Strike
2-2: Strikes out swinging
Batting: RHB Grady Harris 0-0: Ball
1-0: Swinging Strike
1-1: Ball
2-1: Foul Ball, location: 2F
2-2: Ball
3-2: Foul Ball, location: 2F
3-2: Reached on error, E6 (Groundball, 6M)
Melvin Daniels to third
Batting: RHB Spartak Gonjarov 0-0: Ball
Balk!
Melvin Daniels scores
Grady Harris to second
1-0: Called Strike
1-1: Foul Ball, location: 2F
1-2: SINGLE (Flyball, 78M)
Grady Harris to third
Runner from 3rd tries for Home, SAFE, throw made home
Batting: RHB Rob Brooks 0-0: Ground out 6-3 (Groundball, 6S)
Top of the 9th over - 2 runs, 2 hits, 1 error, 1 left on base; Valley 7 - Phoenix 2
BOTTOM OF THE 9TH
Phoenix Hotspur U-21 batting - Pitching for Valley Blue Sox : RHP Curt Wright
Batting: RHB Jeff Oglethorpe 0-0: Called Strike
0-1: Called Strike
0-2: Foul Ball, location: 2F
0-2: Ball
1-2: Foul Ball, location: 2F
1-2: Foul Ball, location: 2F
1-2: Foul Ball, location: 2F
1-2: Strikes out looking
Batting: RHB Brad Lamb 0-0: Called Strike
0-1: Foul Ball, location: 2F
0-2: Ground out 4-3 (Groundball, 4)
Batting: RHB Tyler Hannah 0-0: Ball
1-0: Called Strike
1-1: Ball
2-1: Called Strike
2-2: Foul Ball, location: 2F
2-2: Strikes out looking
Bottom of the 9th over - 0 runs, 0 hits, 0 errors, 0 left on base; Valley 7 - Phoenix 2
Saturday, December 22nd, 2018 - OOTP Baseball 18.8 Build 76